 Dungeon Crawl Stone Soup version 0.32-a0-871-ge202e49 (webtiles) character file.

Game seed: 2558343710006339027

234 Dorkslayer the Chopper (level 6, 0/43 HPs)
             Began as an Octopode Fighter on Mar 29, 2024.
             Slain by a gnoll
             ... wielding a +0 spear
              (6 damage)
             ... on level 2 of the Dungeon.
             The game lasted 00:07:27 (1468 turns).

Dorkslayer the Chopper (Octopode Fighter)           Turns: 1468, Time: 00:07:28

Health: 0/43       AC:  1    Str: 14 (17) XL:     6   Next: 5%
Magic:  6/6        EV: 12    Int:  8 (10) God:
Gold:   59         SH:  4    Dex: 11 (12) Spells: 5/5 levels left

rFire   . . .        a - +1 war axe
rCold   . . .        b - +0 buckler
rNeg    . . .        (helmet restricted)
rPois   +            (no amulet)
rElec   .            i - ring of poison resistance
rCorr   .            (no ring)
SInv    .            (no ring)
Will    .....        (no ring)
Stlth   +++          (no ring)
HPRegen 0.27/turn    (no ring)
MPRegen 0.10/turn    (no ring)
                     (no ring)

%: no passive effects
@: weak-willed, attractive, enlightened, flying
A: almost no armour, amphibious, 8 rings, camouflage 1, gelatinous body 1,
(nimble swimmer 1), tentacles
a: no special abilities


You were on level 2 of the Dungeon.
You visited 1 branch of the dungeon, and saw 2 of its levels.

You collected 59 gold pieces.

Inventory:

Hand Weapons
 a - a +1 war axe (weapon)
Armour
 b - a +0 buckler (worn)
Jewellery
 i - a ring of poison resistance (left tentacle)
Scrolls
 g - a scroll of vulnerability
 h - a scroll of identify {unknown}
 j - 2 scrolls of revelation {unknown}
Potions
 e - a potion of enlightenment


   Skills:
 + Level 3.9 Fighting
 + Level 4.1 Axes
 + Level 3.7 Dodging
 + Level 3.1 Stealth
 + Level 3.2 Shields


You had 5 spell levels left.
You didn't know any spells.
Your spell library contained the following spells:

 Spells                   Type           Power      Damage    Failure   Level
 Summon Forest            Summ/Tloc      0%         N/A       100%        5
 Eringya's Noxious Bog    Alch           0%         4d6       100%        6
 Summon Hydra             Summ           0%         N/A       100%        7


Dungeon Overview and Level Annotations

Branches:
Dungeon (2/15)

Altars:


Innate Abilities, Weirdness & Mutations

You cannot wear most types of armour.
You are amphibious.
You can wear up to eight rings at the same time.
Your skin changes colour to match your surroundings (Stealth+).
Your rubbery body absorbs attacks. (AC +1, EV +1)
((You are camouflaged when in or above water. (Stealth+)))
You have tentacles for arms and can constrict up to eight enemies at once.


Message History

You miss the quokka. You grab the quokka. You constrict the quokka.
The quokka barely misses you.
The gnoll hits you from afar with a +0 spear.
Unknown command.
You release your grip on the quokka.
The quokka attacks as it pursues you! The quokka closely misses you.
The quokka completely misses you.
There is an open door here.
It was a potion of enlightenment.
You feel very buoyant.
You fly up into the air.
You block the gnoll's attack. The quokka closely misses you.
It was a potion of attraction.
You feel attractive to monsters. You block the quokka's attack.
The gnoll misses you.
It was a potion of degeneration.
There was something very wrong with that liquid.
You feel weakened.
You feel dopey.
You feel clumsy. The quokka bites you. The gnoll barely misses you.
Okay, then.
As you read the scroll labelled ESOONE ILLISS, it crumbles to dust.
A wave of despondency washes over your surroundings.
It was a scroll of vulnerability.
The quokka bites you.
The gnoll hits you from afar with a +0 spear.
* * * LOW HITPOINT WARNING * * *
As you read the scroll labelled ECLICE ENANYUS, it crumbles to dust.
It is a scroll of enchant weapon.
Your +0 war axe glows red for a moment.
The quokka bites you.
* * * LOW HITPOINT WARNING * * *
You block the gnoll's attack. The quokka misses you.
The gnoll is attracted toward you. x2
You barely miss the quokka. Your grab misses the quokka.
The quokka is severely wounded.
The quokka misses you.
The gnoll hits you from afar with a +0 spear.
* * * LOW HITPOINT WARNING * * *
You hit the quokka.
You kill the quokka!
The gnoll hits you from afar with a +0 spear.
You die...

#...######..... #.#.#
#..... ###. #..... #.
#..... ##+## #####. ##...##
## # ##.....########## ##.
##.......#.......#
#.#...####@.........###...#
#.....ggg†.................
#.#...####..........##.....
..... ##......>#.##>#..#
#.## ##.....##.......# #
##...######.#### ##+## #.#
#.# #.#


You could see 2 gnolls.

Vanquished Creatures
  Sigmund (D:2)
  A gnoll (D:2)
  2 adders (D:2)
  2 dart slugs (D:1)
  6 ball pythons
  5 bats
  2 endoplasms
  2 giant cockroaches
  2 goblins (D:1)
  9 hobgoblins
  2 quokkas
  3 frilled lizards
  4 kobolds
  3 rats
44 creatures vanquished.

Notes
Turn   | Place    | Note
-------+----------+-------------------------------------------
     0 | D:1      | Dorkslayer the Octopode Fighter began the quest for the
                  | Orb.
     0 | D:1      | Reached XP level 1. HP: 16/16 MP: 1/1
    94 | D:1      | Reached XP level 2. HP: 18/21 MP: 2/2
   262 | D:1      | Reached XP level 3. HP: 22/26 MP: 3/3
  1119 | D:2      | Noticed Sigmund
  1134 | D:2      | Killed Sigmund
  1135 | D:2      | Reached skill level 4 in Axes
  1135 | D:2      | Reached XP level 4. HP: 20/33 MP: 4/4
  1135 | D:2      | Reached XP level 5. HP: 23/37 MP: 5/5
  1437 | D:2      | Reached XP level 6. HP: 39/43 MP: 6/6
  1468 | D:2      | Slain by a gnoll

Illustrated notes

Levels and vault maps discovered:
D:1:      dpeg_arrival_simpleton_a, layout_loops_cross
D:2:      cheibrodos_old_hovel, layout_loops_corners, uniq_sigmund

Skill      XL: |  1  2  3  4  5 |
---------------+----------------+-----
Axes           | 4 |  4.1
Stealth        | 2 3 |  3.1
Fighting       | |  3.9
Dodging        | |  3.7
Shields        | |  3.2

Action                     |  1- 3 |  4- 6 || total
---------------------------+-------+-------++-------
  Melee: War axe           |    48 |    19 ||    67
         Constrict         |    16 |     4 ||    20
         Tentacles         |     9 |     1 ||    10
    Use: Potion            |     1 |     3 ||     4
         Scroll            |       |     2 ||     2
   Stab: Sleeping          |     6 |     4 ||    10
 Armour: Skin              |    23 |    19 ||    42
  Dodge: Dodged            |    31 |    16 ||    47
  Block: Buckler           |    10 |     7 ||    17

Table legend: (Time is in decaauts)
 A = Elapsed time spent in this place.
 B = Non-inter-level travel time spent in this place.
 C = Inter-level travel time spent in this place.
 D = Time resting spent in this place.
 E = Time spent auto-exploring this place.
 F = Levels seen in this place.
 G = Mean time per level.
                   A        B        C        D        E       F      G
               +--------+--------+--------+--------+--------+-----+--------+
         Total |   1494 |   1494 |      0 |      0 |    957 |   2 |  747.0 |
       Dungeon |   1494 |   1494 |      0 |      0 |    957 |   2 |  747.0 |
               +--------+--------+--------+--------+--------+-----+--------+

Top non-repeatable levels by time:
     D:2: 767 daAuts
     D:1: 726 daAuts
